 Dungeon Crawl Stone Soup version 0.29-a0-542-g075992c915 (webtiles) character file.

Game seed: 10616098485527753470

40239 Rohain the Brawler (level 13, 0/137 HPs)
             Began as a Troll Monk on June 4, 2022.
             Was a Believer of Jiyva.
             Slain by a seven-headed hydra (11 damage)
             ... on level 12 of the Dungeon.
             The game lasted 00:27:11 (14753 turns).

Rohain the Brawler (Troll Monk)                    Turns: 14753, Time: 00:27:11

Health: 0/137      AC: 14    Str: 30    XL:     13   Next: 73%
Magic:  12/12      EV: 10    Int:  6    God:    Jiyva [**....]
Gold:   1263       SH:  0    Dex: 14    Spells: 12/12 levels left

rFire   . . .      SeeInvis .   O - +9 staff of Olgreb {rPois∞}
rCold   . . .      Faith    .   (no shield)
rNeg    . . .      Spirit   .   L - +1 steam dragon scales
rPois   ∞          Reflect  .   P - +1 hat
rElec   .          Harm     .   r - +0 cloak
rCorr   +          Rampage  .   (gloves unavailable)
Will    .....                   (boots unavailable)
Stlth   ++........              B - amulet of the acrobat
HPRegen 2.88/turn               p - +4 ring of protection
MPRegen 0.43/turn               u - +6 ring of strength

@: studying Crossbows
A: large, unfitting armour, claws 3, regeneration 2, shaggy fur 1, tough skin 1,
MP-powered wands, sturdy frame 1
a: Renounce Religion, Evoke the Staff of Olgreb


You were on level 12 of the Dungeon.
You worshipped Jiyva.
Jiyva was pleased with you.
You visited 2 branches of the dungeon, and saw 18 of its levels.
You also visited: Sewer.

You collected 1263 gold pieces.

Inventory:

Hand Weapons
 K - a +3 flail
 O - the +9 staff of Olgreb (weapon) {rPois∞}
   (You found it on level 11 of the Dungeon)

   If the wielder is skilled in Evocations, they can envenom those struck by it,
   dealing poison damage which bypasses armour.
   It enhances your poison magic.
   It grants immunity to poison.
   It can be activated via the 'a'bility menu to radiate toxic energy, with
   effectiveness depending on Evocations skill.
Missiles
 e - 2 throwing nets
 F - 3 silver javelins (quivered)
 M - 2 large rocks
Armour
 a - a +0 robe
 r - a +0 cloak (worn)
 x - a +1 robe of fire resistance
 L - +1 steam dragon scales (worn)
 P - a +1 hat (worn)
Jewellery
 p - a +4 ring of protection (left claw)
 u - a +6 ring of strength (right claw)
 y - a ring of positive energy
 B - an amulet of the acrobat (around neck)
 H - a ring of magical power
 N - an amulet of magic regeneration
 R - a ring of wizardry
 X - a ring of willpower
Wands
 f - a wand of digging (7)
 v - a wand of iceblast (23)
 I - a wand of flame (21)
 J - a wand of charming (9)
 Q - a wand of mindburst (4)
 U - a wand of polymorph (4)
Scrolls
 c - 2 scrolls of enchant armour
 g - 5 scrolls of enchant weapon
 n - 2 scrolls of magic mapping
 q - 12 scrolls of teleportation
 s - 2 scrolls of noise
 t - 2 scrolls of vulnerability
 w - 4 scrolls of amnesia
 z - 9 scrolls of identify
 A - a scroll of fog
 E - 2 scrolls of summoning
 W - a scroll of fear {unknown}
Potions
 b - 3 potions of ambrosia
 d - a potion of cancellation
 h - 4 potions of mutation
 i - 7 potions of curing
 j - a potion of haste
 k - 2 potions of heal wounds
 l - 2 potions of berserk rage
 m - 2 potions of brilliance
 o - 5 potions of resistance
 C - 6 potions of degeneration
 D - 2 potions of attraction
 G - a potion of lignification
 S - a potion of might
 T - a potion of magic {unknown}
 V - a potion of flight {unknown}


   Skills:
 + Level 11.4 Fighting
 + Level 4.1 Staves
 + Level 5.6 Throwing
 - Level 3.0 Dodging
 - Level 1.6 Stealth
 * Level 18.1 Unarmed Combat


You had 12 spell levels left.
You didn't know any spells.
Your spell library contained the following spells:

 Spells                   Type           Power      Damage    Failure   Level
 Beastly Appendage        Tmut           0%         N/A       45%         1
 Necrotize                Necr           0%         1d4       45%         1
 Sublimation of Blood     Necr           0%         N/A       58%         2
 Wereblood                Tmut           0%         N/A       58%         2
 Gell's Gravitas          Tloc           0%         N/A       83%         3
 Lesser Beckoning         Tloc           0%         N/A       83%         3
 Spider Form              Tmut/Pois      0%         N/A       83%         3
 Teleport Other           Tloc           0%         N/A       83%         3
 Vampiric Draining        Necr           0%         2d6       83%         3
 Petrify                  Tmut/Erth      0%         N/A       99%         4
 Agony                    Necr           0%         N/A       100%        5
 Irradiate                Conj/Tmut      0%         3d13      100%        5
 Dispersal                Tloc           0%         N/A       100%        6


Dungeon Overview and Level Annotations

Branches:
Dungeon (12/15)            Temple (0/1) D:6            Lair (6/6) D:11
 Spider (0/4) Lair:3        Slime (0/5) Lair:5          Orc (0/2) D:11
  Sewer (visited)
  Swamp: Lair:2-4    Shoals: Lair:2-4

Altars:
Kikubaaqudgha
Jiyva

Shops:
D:11 [

Annotations:
Lair:1 2 transporters


Innate Abilities, Weirdness & Mutations

You are too large for most types of armour.
You have claws for hands.
You heal very quickly.
You are covered in fur. (AC +1)
You have tough skin. (AC +1)
You expend magic power (3 MP) to strengthen your wands.
Your movements are slightly less encumbered by armour. (ER -2)


Message History

The seven-headed hydra bites you but does no damage.
You sock the seven-headed hydra!
The seven-headed hydra is moderately wounded.
The seven-headed hydra closely misses you.
The seven-headed hydra bites you. x2
The seven-headed hydra closely misses you. x2
The seven-headed hydra bites you! The seven-headed hydra misses you.
You hit the seven-headed hydra.
The seven-headed hydra is moderately wounded.
The seven-headed hydra bites you but does no damage.
The seven-headed hydra barely misses you.
The seven-headed hydra bites you but does no damage.
The seven-headed hydra bites you! The seven-headed hydra bites you.
The seven-headed hydra bites you but does no damage.
The seven-headed hydra bites you.
You sock the seven-headed hydra!
The seven-headed hydra is heavily wounded.
The seven-headed hydra bites you. x4; The seven-headed hydra bites you!
The seven-headed hydra misses you.
The seven-headed hydra bites you but does no damage.
You sock the seven-headed hydra!
The seven-headed hydra is severely wounded.
The seven-headed hydra bites you but does no damage.
The seven-headed hydra bites you.
The seven-headed hydra bites you but does no damage.
The seven-headed hydra barely misses you.
The seven-headed hydra bites you. The seven-headed hydra bites you!
* * * LOW HITPOINT WARNING * * *
The seven-headed hydra bites you.
* * * LOW HITPOINT WARNING * * *
You completely miss the seven-headed hydra.
The seven-headed hydra is heavily wounded.
The seven-headed hydra bites you!
* * * LOW HITPOINT WARNING * * *
The seven-headed hydra bites you!
* * * LOW HITPOINT WARNING * * *
The seven-headed hydra bites you!
* * * LOW HITPOINT WARNING * * *
The seven-headed hydra bites you!
You die...

.........)........# #
..................#####
......................
.........)......>.....
####.................
#...........######
#...........# #
+.D.........#
#@..........#
......)...........#
#######...........#
#############


You could see a seven-headed hydra.

Vanquished Creatures
  Rupert (Lair:3)
  Gastronok (Lair:1)
  Harold (D:10)
  2 hydras
  An ice dragon (Lair:2)
  A two-headed ogre (D:11)
  3 death yaks (D:11)
  Sonja (Lair:3)
  3 skeletal warriors (D:12)
  An orb spider (Lair:3)
  A lindwurm (Lair:6)
  An ugly thing (D:8)
  Joseph (D:7)
  A cyclops (D:11)
  2 black mambas (Lair:6)
  5 elephants (Lair:3)
  6 cane toads
  A gargoyle (D:11)
  A torpor snail (Lair:6)
  A rime drake (Lair:1)
  8 komodo dragons
  Prince Ribbit (D:5)
  A hornet (Lair:6)
  2 polar bears
  6 blink frogs
  35 yaks
  3 wraiths
  Eustachio (D:5)
  4 wyverns
  3 vampire mosquitoes
  A steam dragon (D:9)
  5 basilisks
  15 water moccasins
  An acid dragon (D:8)
  6 orc warriors
  An ice beast (D:7)
  A sky beast (D:7)
  3 black bears
  4 ogres
  A centaur (D:7)
  8 wolves
  3 kobold brigands
  Blork the orc (D:5)
  2 scorpions
  A necrophage (D:6)
  10 bullfrogs
  8 wights (D:8)
  2 jellies (D:6)
  10 killer bees
  2 howler monkeys
  2 hounds
  4 orc priests
  A gnoll shaman (D:6)
  Jessica (D:2)
  5 iguanas
  7 orc wizards
  Robin (D:3)
  6 adders
  4 gnolls (D:6)
  6 river rats
  A white imp (D:6)
  An ufetubus (D:5)
  2 worms (D:3)
  2 dart slugs
  59 orcs
  7 endoplasms
  A giant cockroach (D:5)
  16 goblins
  15 hobgoblins
  10 jackals
  15 kobolds
  8 quokkas
  13 ball pythons
  4 bats
  10 frilled lizards
  11 rats
396 creatures vanquished.

Vanquished Creatures (collateral kills)
  2 killer bees (D:8)
2 creatures vanquished.

Vanquished Creatures (others)
  Maurice (D:9)
  2 jellies (Lair:4)
  24 fungi
  40 plants
67 creatures vanquished.

Grand Total: 465 creatures vanquished

Notes
Turn   | Place    | Note
-------+----------+-------------------------------------------
     0 | D:1      | Rohain the Troll Monk began the quest for the Orb.
     0 | D:1      | Reached XP level 1. HP: 22/22 MP: 0/0
   314 | D:1      | Reached XP level 2. HP: 29/29 MP: 1/1
   850 | D:1      | Reached XP level 3. HP: 32/36 MP: 2/2
   937 | D:2      | Noticed Jessica
   943 | D:2      | Killed Jessica
   980 | D:2      | Reached XP level 4. HP: 44/44 MP: 3/3
  1748 | D:3      | Reached skill level 4 in Unarmed Combat
  1756 | D:3      | Noticed Robin
  1762 | D:3      | Killed Robin
  1767 | D:3      | Reached XP level 5. HP: 48/53 MP: 4/4
  2343 | D:4      | Noticed an ogre
  2345 | D:4      | Noticed an ogre
  2398 | D:4      | Killed an ogre
  2399 | D:4      | Reached skill level 5 in Unarmed Combat
  2399 | D:4      | Reached XP level 6. HP: 8/61 MP: 5/5
  2937 | D:5      | Entered Level 5 of the Dungeon
  2972 | D:5      | Noticed Eustachio
  2985 | D:5      | Killed Eustachio
  2986 | D:5      | Reached skill level 6 in Unarmed Combat
  2986 | D:5      | Reached XP level 7. HP: 65/70 MP: 6/6
  3001 | D:5      | Found a glowing drain.
  3012 | Sewer    | Entered a sewer
  3710 | D:5      | Noticed Blork the orc
  3712 | D:5      | Gained mutation: Your movements are slightly less
                  | encumbered by armour. (ER -2) [potion of mutation]
  3712 | D:5      | Gained mutation: You heal very quickly. [potion of
                  | mutation]
  3712 | D:5      | Gained mutation: You expend magic power (3 MP) to
                  | strengthen your wands. [potion of mutation]
  3722 | D:5      | Killed Blork the orc
  3723 | D:5      | Reached skill level 7 in Unarmed Combat
  3746 | D:5      | Noticed Prince Ribbit
  3795 | D:5      | Killed Prince Ribbit
  3796 | D:5      | Reached XP level 8. HP: 62/79 MP: 7/7
  3884 | D:5      | Reached skill level 5 in Fighting
  3975 | D:5      | Reached skill level 8 in Unarmed Combat
  4562 | D:6      | Reached skill level 9 in Unarmed Combat
  4938 | D:6      | Found a staircase to the Ecumenical Temple.
  5065 | D:7      | Reached XP level 9. HP: 89/89 MP: 8/8
  5160 | D:7      | Reached skill level 10 in Unarmed Combat
  5304 | D:7      | Noticed Joseph
  5319 | D:7      | Killed Joseph
  5795 | D:7      | Reached skill level 11 in Unarmed Combat
  6498 | D:8      | Noticed a purple ugly thing
  6587 | D:8      | Reached XP level 10. HP: 83/99 MP: 9/9
  6818 | D:8      | Reached skill level 12 in Unarmed Combat
  6945 | D:8      | Killed a purple ugly thing
  6962 | D:8      | Found an ancient bone altar of Kikubaaqudgha.
  8441 | D:9      | Reached skill level 14 in Unarmed Combat
  8441 | D:9      | Reached XP level 11. HP: 115/115 MP: 10/10
  8514 | D:10     | Entered Level 10 of the Dungeon
  8514 | D:10     | Noticed Maurice
  8545 | D:9      | Killed Maurice
  8566 | D:10     | Reached skill level 15 in Unarmed Combat
  8791 | D:10     | Noticed Harold
  8807 | D:10     | Killed Harold
  9509 | D:11     | Found a staircase to the Lair.
  9510 | D:11     | Noticed a death yak
  9518 | D:11     | Noticed a death yak
  9519 | D:11     | Noticed a death yak
  9519 | D:11     | Found the +9 staff of Olgreb {rPois∞}
  9559 | D:11     | Killed a death yak
  9564 | D:11     | Killed a death yak
  9565 | D:11     | Reached XP level 12. HP: 57/126 MP: 11/11
  9625 | D:11     | Killed a death yak
  9626 | D:11     | Reached skill level 10 in Fighting
  9927 | D:11     | Reached skill level 16 in Unarmed Combat
  9931 | D:11     | Found a staircase to the Orcish Mines.
  9931 | D:11     | Noticed a two-headed ogre
  9937 | D:11     | Killed a two-headed ogre
  9946 | D:11     | Found Eryts's Armour Shoppe.
 10325 | D:12     | Reached skill level 1 in Throwing
 10402 | D:12     | Noticed a seven-headed hydra
 10711 | Lair:1   | Entered Level 1 of the Lair of Beasts
 10711 | Lair:1   | Found a transporter.
 10796 | Lair:1   | Noticed Gastronok
 10833 | Lair:1   | Killed Gastronok
 10994 | Lair:2   | Noticed a seven-headed hydra
 11096 | Lair:1   | Reached skill level 1 in Staves
 11179 | Lair:1   | Reached skill level 17 in Unarmed Combat
 11433 | Lair:1   | Found a transporter.
 11966 | Lair:2   | Reached XP level 13. HP: 73/136 MP: 12/12
 12746 | Lair:3   | Found a hole to the Spider Nest.
 12944 | Lair:3   | Noticed Sonja
 12982 | Lair:3   | Killed Sonja
 13091 | Lair:3   | Noticed Rupert
 13092 | Lair:3   | Paralysed by Rupert for 2 turns
 13103 | Lair:3   | Killed Rupert
 13104 | Lair:3   | Reached skill level 5 in Throwing
 13290 | Lair:3   | You fall into a shaft and drop 3 floors!
 13290 | Lair:6   | Entered Level 6 of the Lair of Beasts
 13610 | Lair:5   | Reached skill level 18 in Unarmed Combat
 13801 | Lair:5   | Found a viscous altar of Jiyva.
 13801 | Lair:5   | Found a staircase to the Slime Pits.
 13968 | Lair:5   | Became a worshipper of Jiyva Jecwux the Shapeless
 13968 | Lair:5   | Reached * piety under Jiyva
 13968 | Lair:5   | Reached ** piety under Jiyva
 14753 | D:12     | Slain by a seven-headed hydra

Illustrated notes

Levels and vault maps discovered:
D:1:      noname_arrival_rooms_in_the_neighbourhood, layout_loops_corners,
          chequers_serial_rivers_large_b, minmay_door_square, feat_on_display
D:2:      layout_rooms, uniq_jessica
D:3:      layout_loops_corners, nicolae_concentric_dashed_squares_wild,
          uniq_robin
D:4:      kennysheep_big_flooded_room, layout_cave_pools,
          nicolae_concentric_dashed_squares_mild, corner_web_ring,
          item_on_display_a
D:5:      layout_loops_ring, portal_sewer_entry_b, kennysheep_crisscross,
          kennysheep_potato, uniq_blork_the_orc, uniq_eustachio,
          uniq_prince_ribbit1
D:6:      layout_basic, minmay_temple_entry_glass
D:7:      layout_layer_cave, roderic_lattice_a, minmay_misc_feat_hallway,
          uniq_joseph
D:8:      layout_loops_ring, lemuel_round_altar, serial_aquarium,
          aquarium_bridge_square [aquarium_subvault_bridge,
          aquarium_subvault_bridge, aquarium_subvault_wall,
          aquarium_subvault_wall], aquarium_window_1, aquarium_window_fake,
          aquarium_window_fake, aquarium_window_fake, aquarium_view_2d,
          aquarium_balcony_3a, aquarium_pool_double, hangedman_decor_opposing
D:9:      layout_basic, special_room [special_room_orc]
D:10:     layout_layer_cave, minmay_strange_pillars, uniq_maurice, uniq_harold
D:11:     layout_gridville, dpeg_lair_monsters, orc_david_3
D:12:     layout_irregular_city
Lair:1:   gammafunk_worm_tunnel, layout_regular_city, serial_rivers,
          chequers_serial_rivers_large_a, chequers_serial_rivers_micro_d,
          chequers_serial_rivers_micro_e, chequers_serial_rivers_micro_b,
          chequers_serial_rivers_micro_d, uniq_gastronok
Lair:2:   dragon1_lemuel, layout_regular_city
Lair:3:   layout_cave_pods, nicolae_spider_entry_orb_guardian, uniq_sonja,
          uniq_rupert
Lair:4:   layout_roguey, skrybe_swamp_entry_bodies,
          chequers_serial_rivers_small_b, st_stairs_11, grunt_megastairs_3,
          serial_bayou_shore_b
Lair:5:   layout_concentric_octagons, dpeg_slime_entry_enclosed_altar,
          grunt_megastairs_4
Lair:6:   guppyfry_lair_end_dragon, layout_hall_layers, wormcave,
          grunt_forest_stairs_basic

Skill      XL: |  1  2  3  4  5  6  7  8  9 10 11 12 13 |
---------------+----------------------------------------+-----
Dodging        | 3 |  3.0
Fighting       | 3 4 6 7 9 10 11 | 11.4
Unarmed Combat | 4 5 6 7 9 11 14 15 17 18 | 18.1
Throwing       | 4 5 |  5.6
Staves         | 2 4 |  4.1
Stealth        | |  1.6

Action                   |  1- 3 |  4- 6 |  7- 9 | 10-12 | 13-15 || total
-------------------------+-------+-------+-------+-------+-------++-------
Melee: Unarmed           |    76 |   144 |   284 |   407 |   157 ||  1068
       Punch             |     2 |     5 |    10 |    25 |    23 ||    65
       Staff             |       |       |       |     7 |    40 ||    47
       Flail             |       |       |       |     3 |       ||     3
Throw: Javelin           |       |       |       |     7 |     1 ||     8
Evoke: Wand              |       |       |       |       |    15 ||    15
  Use: Scroll            |     1 |     3 |     7 |    15 |     2 ||    28
       Potion            |       |     3 |     2 |     3 |    10 ||    18
 Stab: Sleeping          |     3 |     5 |     3 |     4 |     2 ||    17
       Distracted        |       |     1 |       |     1 |       ||     2
       Paralysed         |       |       |       |       |     1 ||     1
Armor: Robe              |    21 |    30 |   137 |    24 |       ||   212
       Steam dragon scal |       |       |       |   198 |   129 ||   327
Dodge: Dodged            |    38 |    49 |   142 |   205 |   117 ||   551

Table legend: (Time is in decaauts)
 A = Elapsed time spent in this place.
 B = Non-inter-level travel time spent in this place.
 C = Inter-level travel time spent in this place.
 D = Time resting spent in this place.
 E = Time spent auto-exploring this place.
 F = Levels seen in this place.
 G = Mean time per level.
                   A        B        C        D        E       F      G
               +--------+--------+--------+--------+--------+-----+--------+
         Total |  14762 |  14060 |    702 |    818 |  10391 |  19 |  776.9 |
       Dungeon |  10039 |   9485 |    554 |    490 |   7189 |  12 |  836.6 |
          Lair |   3898 |   3750 |    148 |    328 |   2567 |   6 |  649.7 |
         Sewer |    825 |    825 |      0 |      0 |    635 |   1 |  825.0 |
               +--------+--------+--------+--------+--------+-----+--------+

Top non-repeatable levels by time:
     D:7: 1364 daAuts
    D:11: 1227 daAuts
  Lair:3: 1207 daAuts
     D:9: 1153 daAuts
  Lair:2: 995 daAuts
     D:3: 974 daAuts
     D:1: 956 daAuts
     D:8: 936 daAuts
  Lair:1: 910 daAuts
    D:10: 898 daAuts
   Sewer: 825 daAuts
     D:5: 803 daAuts
     D:6: 636 daAuts
     D:4: 522 daAuts
     D:2: 458 daAuts
